[ PARTIDA AOE2 · #483971009 ]
UnrankedMapuche vs Huns
Equipo del jugador · DERR
Equipo rival · VICT
[ ANÁLISIS DE REPETICIÓN · EXTRAÍDO DE LA PARTIDA GRABADA ]
Feudal
10:27
Castillos
21:13
Imperial
—
| APM promedio | 29.5 |
| APM pico | 54 |
| eAPM promedio | 16.3 |
| Aldeanos / militares | 51 / 34 |
Foco
⚔️ 21.1% · 🌾 78.9%
Bolas Rider ×16 · Spearman ×12 · Archer ×6 · Unknown (2550) ×5
Feudal
9:08
Castillos
18:41
Imperial
—
| APM promedio | 70.1 |
| APM pico | 126 |
| eAPM promedio | 22.5 |
| Aldeanos / militares | 67 / 68 |
Foco
⚔️ 40.3% · 🌾 59.7%
Cavalry Archer ×59 · Mangonel ×4 · Skirmisher ×3 · Scout Cavalry ×2
Mapa de la partida
Recursos iniciales + cada clic de construcción. Líneas = muros · curvas = relieve. ◆ oro · ⬟ piedra · ● bayas · ✦ reliquia · ◌ hueco del cierre
Tu base· ✓ Cerrada en 21:13 · 9t muro · 1 puerta(s)
Base de sebalopsa· ✓ Cerrada en 18:41 · 50t muro · 1 puerta(s)
Terreno inicial suavizado · ◌ = hueco del cierre detectado · pasá el cursor para detalles
Inputs por minuto
— Canalla hasta la muerte - - sebalopsa
Build order — Canalla hasta la muerte
Primeras 150 de 158 acciones detectadas
| 0:00 | Crear | Villager (Male) |
| 0:01 | Crear | Villager (Male) |
| 0:01 | Crear | Villager (Male) |
| 0:02 | Construir | House |
| 0:04 | Construir | House |
| 0:55 | Crear | Villager (Male) |
| 1:24 | Crear | Villager (Male) |
| 2:00 | Crear | Villager (Male) |
| 2:00 | Crear | Villager (Male) |
| 2:10 | Construir | Settlement |
| 2:48 | Crear | Villager (Male) |
| 3:17 | Crear | Villager (Male) |
| 3:17 | Crear | Villager (Male) |
| 3:26 | Construir | House |
| 3:46 | Crear | Villager (Male) |
| 4:19 | Crear | Villager (Male) |
| 4:43 | Crear | Villager (Male) |
| 4:56 | Crear | Villager (Male) |
| 5:10 | Crear | Villager (Male) |
| 5:46 | Construir | Settlement |
| 5:57 | Crear | Villager (Male) |
| 6:24 | Crear | Villager (Male) |
| 6:50 | Crear | Villager (Male) |
| 7:14 | Crear | Villager (Male) |
| 7:43 | Investigar | Loom |
| 7:56 | Investigar | Feudal Age |
| 8:30 | Construir | Barracks |
| 8:42 | Construir | House |
| 8:57 | Construir | Farm |
| 9:00 | Construir | Farm |
| 9:07 | Construir | Farm |
| 9:24 | Crear | Villager (Male) |
| 9:24 | Crear | Villager (Male) |
| 9:24 | Crear | Villager (Male) |
| 10:02 | Construir | Settlement |
| 10:24 | Crear | Unit 2550 |
| 10:27 | Edad | Edad Feudal |
| 10:31 | Construir | Archery Range |
| 10:34 | Construir | House |
| 10:36 | Construir | House |
| 10:49 | Construir | House |
| 10:51 | Construir | House |
| 10:57 | Construir | Palisade Wall |
| 11:03 | Crear | Spearman |
| 11:10 | Construir | Palisade Wall |
| 11:18 | Crear | Spearman |
| 11:34 | Crear | Spearman |
| 11:34 | Crear | Spearman |
| 12:02 | Crear | Spearman |
| 12:29 | Crear | Villager (Male) |
| 12:29 | Crear | Villager (Male) |
| 12:30 | Crear | Villager (Male) |
| 13:00 | Construir | Farm |
| 13:03 | Construir | Farm |
| 13:11 | Construir | Farm |
| 13:13 | Crear | Archer |
| 13:13 | Crear | Archer |
| 13:24 | Crear | Villager (Male) |
| 13:25 | Crear | Villager (Male) |
| 13:32 | Crear | Villager (Male) |
| 13:32 | Crear | Villager (Male) |
| 13:36 | Investigar | Town Watch |
| 13:39 | Investigar | Double-Bit Axe |
| 13:50 | Construir | Farm |
| 14:03 | Crear | Archer |
| 14:15 | Construir | Market |
| 15:06 | Construir | House |
| 15:12 | Crear | Villager (Male) |
| 15:13 | Crear | Villager (Male) |
| 15:24 | Investigar | Horse Collar |
| 15:39 | Construir | Blacksmith |
| 15:42 | Crear | Villager (Male) |
| 15:46 | Construir | Farm |
| 16:23 | Crear | Archer |
| 16:23 | Crear | Archer |
| 16:32 | Investigar | Fletching |
| 16:35 | Construir | House |
| 16:39 | Construir | Palisade Gate |
| 16:48 | Construir | Farm |
| 16:52 | Construir | Farm |
| 16:55 | Crear | Villager (Male) |
| 16:55 | Crear | Villager (Male) |
| 17:41 | Crear | Villager (Male) |
| 17:41 | Crear | Villager (Male) |
| 17:48 | Construir | Farm |
| 17:53 | Construir | Farm |
| 17:58 | Construir | Farm |
| 18:23 | Construir | Farm |
| 18:33 | Investigar | Castle Age |
| 19:02 | Crear | Villager (Male) |
| 19:02 | Crear | Villager (Male) |
| 19:16 | Investigar | Gold Mining |
| 19:21 | Crear | Villager (Male) |
| 19:21 | Crear | Villager (Male) |
| 19:43 | Construir | Settlement |
| 20:29 | Crear | Villager (Male) |
| 20:32 | Investigar | Wheelbarrow |
| 20:35 | Crear | Villager (Male) |
| 20:35 | Crear | Villager (Male) |
| 20:45 | Investigar | Stone Mining |
| 20:58 | Crear | Villager (Male) |
| 21:13 | Edad | Edad de los Castillos |
| 21:31 | Crear | Bolas Rider |
| 21:31 | Crear | Bolas Rider |
| 21:31 | Crear | Bolas Rider |
| 21:31 | Crear | Bolas Rider |
| 21:32 | Crear | Bolas Rider |
| 21:40 | Construir | University |
| 21:46 | Crear | Villager (Male) |
| 22:31 | Crear | Bolas Rider |
| 22:34 | Investigar | Town Patrol |
| 22:51 | Investigar | Bow Saw |
| 23:01 | Construir | House |
| 23:04 | Construir | House |
| 23:05 | Construir | House |
| 23:06 | Construir | House |
| 23:08 | Construir | House |
| 23:22 | Crear | Spearman |
| 23:23 | Crear | Spearman |
| 23:23 | Crear | Spearman |
| 23:40 | Construir | Farm |
| 24:22 | Crear | Bolas Rider |
| 24:23 | Crear | Bolas Rider |
| 24:23 | Crear | Bolas Rider |
| 24:42 | Construir | House |
| 24:44 | Construir | House |
| 25:24 | Crear | Villager (Male) |
| 25:25 | Crear | Villager (Male) |
| 25:25 | Crear | Villager (Male) |
| 25:25 | Crear | Villager (Male) |
| 25:30 | Construir | House |
| 25:40 | Construir | Farm |
| 25:41 | Construir | Farm |
| 25:56 | Crear | Villager (Male) |
| 25:57 | Crear | Villager (Male) |
| 25:59 | Crear | Bolas Rider |
| 26:00 | Crear | Bolas Rider |
| 26:06 | Crear | Spearman |
| 26:07 | Crear | Spearman |
| 26:07 | Crear | Spearman |
| 26:07 | Crear | Spearman |
| 26:12 | Construir | House |
| 26:32 | Crear | Archer |
| 26:35 | Crear | Bolas Rider |
| 26:35 | Crear | Bolas Rider |
| 26:35 | Crear | Bolas Rider |
| 26:35 | Crear | Bolas Rider |
| 26:42 | Construir | Farm |
| 26:43 | Construir | Farm |
| 26:46 | Construir | Farm |
Build order — sebalopsa
Primeras 150 de 184 acciones detectadas
| 0:01 | Crear | Villager (Male) |
| 0:02 | Crear | Villager (Male) |
| 0:02 | Crear | Villager (Male) |
| 0:02 | Crear | Villager (Male) |
| 1:28 | Crear | Villager (Male) |
| 1:51 | Crear | Villager (Male) |
| 2:05 | Construir | Lumber Camp |
| 2:11 | Crear | Villager (Male) |
| 2:31 | Crear | Villager (Male) |
| 3:09 | Crear | Villager (Male) |
| 3:09 | Crear | Villager (Male) |
| 3:27 | Crear | Villager (Male) |
| 3:27 | Crear | Villager (Male) |
| 4:28 | Crear | Villager (Male) |
| 4:31 | Crear | Villager (Male) |
| 4:32 | Crear | Villager (Male) |
| 4:50 | Crear | Villager (Male) |
| 4:59 | Construir | Mill |
| 5:04 | Crear | Villager (Male) |
| 5:07 | Crear | Villager (Male) |
| 5:59 | Crear | Villager (Male) |
| 6:14 | Investigar | Loom |
| 6:43 | Investigar | Feudal Age |
| 7:48 | Construir | Barracks |
| 7:49 | Crear | Villager (Male) |
| 8:56 | Construir | Palisade Wall |
| 9:08 | Edad | Edad Feudal |
| 9:13 | Construir | Stable |
| 9:29 | Construir | Palisade Wall |
| 9:39 | Investigar | Double-Bit Axe |
| 9:41 | Investigar | Horse Collar |
| 10:08 | Construir | Mill |
| 10:14 | Crear | Villager (Male) |
| 10:21 | Construir | Farm |
| 10:30 | Crear | Scout Cavalry |
| 10:30 | Crear | Scout Cavalry |
| 10:44 | Construir | Palisade Wall |
| 10:45 | Crear | Villager (Male) |
| 10:58 | Construir | Farm |
| 11:00 | Construir | Farm |
| 11:20 | Crear | Villager (Male) |
| 11:27 | Crear | Villager (Male) |
| 11:42 | Crear | Villager (Male) |
| 11:45 | Construir | Farm |
| 11:49 | Construir | Farm |
| 11:57 | Crear | Villager (Male) |
| 12:27 | Crear | Villager (Male) |
| 12:37 | Crear | Villager (Male) |
| 12:42 | Construir | Farm |
| 12:45 | Construir | Farm |
| 12:57 | Crear | Villager (Male) |
| 13:02 | Construir | Mining Camp |
| 13:07 | Construir | Palisade Wall |
| 13:07 | Crear | Villager (Male) |
| 13:24 | Construir | Palisade Wall |
| 13:24 | Crear | Villager (Male) |
| 13:27 | Construir | Farm |
| 13:37 | Construir | Farm |
| 14:00 | Construir | Palisade Wall |
| 14:02 | Construir | Palisade Wall |
| 14:03 | Construir | Palisade Wall |
| 14:16 | Construir | Blacksmith |
| 14:19 | Crear | Villager (Male) |
| 14:22 | Construir | Farm |
| 15:35 | Crear | Villager (Male) |
| 16:01 | Investigar | Castle Age |
| 16:14 | Construir | Archery Range |
| 16:19 | Construir | Archery Range |
| 16:41 | Investigar | Fletching |
| 17:05 | Investigar | Gold Mining |
| 17:29 | Crear | Skirmisher |
| 17:29 | Crear | Skirmisher |
| 17:29 | Crear | Skirmisher |
| 17:46 | Investigar | Padded Archer Armor |
| 17:57 | Construir | Lumber Camp |
| 18:13 | Investigar | Bloodlines |
| 18:22 | Construir | Palisade Gate |
| 18:41 | Edad | Edad de los Castillos |
| 18:44 | Crear | Cavalry Archer |
| 18:45 | Crear | Cavalry Archer |
| 18:45 | Crear | Cavalry Archer |
| 18:45 | Crear | Cavalry Archer |
| 18:57 | Crear | Cavalry Archer |
| 18:57 | Crear | Cavalry Archer |
| 18:58 | Crear | Cavalry Archer |
| 18:58 | Crear | Cavalry Archer |
| 19:06 | Crear | Villager (Male) |
| 19:06 | Crear | Villager (Male) |
| 19:22 | Crear | Cavalry Archer |
| 19:22 | Crear | Cavalry Archer |
| 19:22 | Crear | Cavalry Archer |
| 19:23 | Crear | Villager (Male) |
| 19:41 | Crear | Cavalry Archer |
| 19:41 | Crear | Cavalry Archer |
| 19:58 | Crear | Cavalry Archer |
| 19:59 | Crear | Cavalry Archer |
| 20:01 | Crear | Villager (Male) |
| 20:06 | Crear | Cavalry Archer |
| 20:06 | Crear | Cavalry Archer |
| 20:08 | Crear | Villager (Male) |
| 20:21 | Investigar | Bodkin Arrow |
| 20:37 | Crear | Cavalry Archer |
| 20:37 | Crear | Cavalry Archer |
| 20:38 | Crear | Villager (Male) |
| 20:52 | Crear | Villager (Male) |
| 20:56 | Crear | Cavalry Archer |
| 20:56 | Crear | Villager (Male) |
| 21:07 | Construir | Town Center |
| 21:25 | Construir | Town Center |
| 21:42 | Crear | Cavalry Archer |
| 21:42 | Crear | Cavalry Archer |
| 22:03 | Crear | Cavalry Archer |
| 22:03 | Crear | Cavalry Archer |
| 22:19 | Construir | Siege Workshop |
| 22:22 | Crear | Cavalry Archer |
| 22:22 | Crear | Cavalry Archer |
| 22:22 | Crear | Cavalry Archer |
| 22:23 | Crear | Villager (Male) |
| 22:23 | Crear | Villager (Male) |
| 22:24 | Crear | Villager (Male) |
| 22:30 | Crear | Villager (Male) |
| 22:30 | Crear | Villager (Male) |
| 22:44 | Crear | Cavalry Archer |
| 22:44 | Crear | Cavalry Archer |
| 22:44 | Crear | Cavalry Archer |
| 22:53 | Crear | Villager (Male) |
| 22:53 | Crear | Villager (Male) |
| 22:54 | Crear | Villager (Male) |
| 23:27 | Investigar | Thumb Ring |
| 24:01 | Crear | Cavalry Archer |
| 24:01 | Crear | Cavalry Archer |
| 24:01 | Crear | Cavalry Archer |
| 24:18 | Crear | Cavalry Archer |
| 24:19 | Crear | Cavalry Archer |
| 24:19 | Crear | Cavalry Archer |
| 24:19 | Crear | Cavalry Archer |
| 25:18 | Crear | Mangonel |
| 25:18 | Crear | Mangonel |
| 25:25 | Crear | Cavalry Archer |
| 25:25 | Crear | Cavalry Archer |
| 25:25 | Crear | Cavalry Archer |
| 25:26 | Crear | Cavalry Archer |
| 25:26 | Crear | Villager (Male) |
| 25:39 | Construir | Outpost |
| 25:43 | Crear | Cavalry Archer |
| 25:43 | Crear | Cavalry Archer |
| 25:44 | Crear | Villager (Male) |
| 25:46 | Crear | Villager (Male) |
| 25:46 | Crear | Villager (Male) |
| 25:46 | Crear | Villager (Male) |
Cronología de la partida
| 7:48 | sebalopsa · first_building Barracks |
| 8:30 | Canalla hasta la muerte · first_building Barracks |
| 8:56 | sebalopsa · wall_segment Palisade Wall x3 |
| 9:08 | sebalopsa · age_up feudal |
| 9:13 | sebalopsa · first_building Stable |
| 9:29 | sebalopsa · wall_segment Palisade Wall x6 |
| 10:27 | Canalla hasta la muerte · age_up feudal |
| 10:31 | Canalla hasta la muerte · first_building Archery Range |
| 10:44 | sebalopsa · wall_segment Palisade Wall x15 |
| 10:57 | Canalla hasta la muerte · wall_segment Palisade Wall x1 |
| 11:10 | Canalla hasta la muerte · wall_segment Palisade Wall x9 |
| 13:07 | sebalopsa · wall_segment Palisade Wall x5 |
| 13:24 | sebalopsa · wall_segment Palisade Wall x18 |
| 14:00 | sebalopsa · wall_segment Palisade Wall x1 |
| 14:02 | sebalopsa · wall_segment Palisade Wall x1 |
| 14:03 | sebalopsa · wall_segment Palisade Wall x1 |
| 16:14 | sebalopsa · first_building Archery Range |
| 18:41 | sebalopsa · age_up castle |
| 21:13 | Canalla hasta la muerte · age_up castle |
| 22:19 | sebalopsa · first_building Siege Workshop |
| 27:23 | Canalla hasta la muerte · first_market_buy 100 stone |
| 27:50 | Canalla hasta la muerte · first_building Castle |
| 28:46 | Canalla hasta la muerte · resign |
[ ANÁLISIS IA · 1 CRÉDITO ]
¿Qué pasó realmente en esta partida?
Wolo.gg analiza cada decisión: build order, eco, micro, errores típicos por bracket. Análisis personalizado por WhatsApp o Discord en 30 segundos.
Guía civ
Mapuche
Perfil
Jugador #1922516